 Dungeon Crawl Stone Soup version 0.31.0 (webtiles) character file.

Game seed: 12865023014970674967

94 CaptainMV the Apothecary (level 4, -8/30 HPs)
             Began as a Demonspawn Alchemist on Jan 19, 2024.
             Killed by nerve-wracking pain
             ... invoked by an orc priest
              (14 damage)
             ... on level 3 of the Dungeon.
             The game lasted 00:13:12 (1374 turns).

CaptainMV the Apothecary (Demonspawn Alchemist)     Turns: 1374, Time: 00:13:13

Health: -8/30      AC:  6    Str:  8    XL:     4   Next: 38%
Magic:  0/7        EV: 12    Int: 15    God:
Gold:   134        SH:  0    Dex: 16    Spells: 7/8 levels left

rFire   . . .        a - +1 dagger (pain)
rCold   . . .        (no shield)
rNeg    . . .        d - +0 robe
rPois   .            e - +2 hat
rElec   .            (no cloak)
rCorr   .            (no gloves)
SInv    .            (no boots)
Will    .....        (no amulet)
Stlth   ++           (no ring)
HPRegen 0.25/turn    (no ring)
MPRegen 0.10/turn

%: no passive effects
@: no status effects
A: slimy green scales 1, demonic magic 1
a: no special abilities


You were on level 3 of the Dungeon.
You visited 1 branch of the dungeon, and saw 3 of its levels.

You collected 134 gold pieces.

Inventory:

Hand Weapons
 a - a +1 dagger of pain (weapon)
 b - a +2 sling of flaming
 c - a +0 short sword
Missiles
 n - 2 poisoned darts
Armour
 d - a +0 robe (worn)
 e - a +2 hat (worn)
Talismans
 j - a blade talisman
Wands
 m - a wand of polymorph (6)
Scrolls
 f - a scroll of noise {unknown}
 i - a scroll of identify
 l - a scroll of amnesia {unknown}
Potions
 g - a potion of magic
 h - a potion of heal wounds
 k - a potion of haste {unknown}


   Skills:
 + Level 0.1 Fighting
 + Level 0.3 Short Blades
 + Level 2.2 Dodging
 + Level 2.6 Stealth
 + Level 2.5 Spellcasting
 + Level 1.2 Conjurations
 + Level 3.9 Alchemy


You had 7 spell levels left.
You knew the following spells:

 Your Spells              Type           Power      Damage    Failure   Level
a - Sting                 Conj/Alch      36%        1d5       7%          1

Your spell library contained the following spells:

 Spells                   Type           Power      Damage    Failure   Level
 Mercury Vapours          Alch/Air       14%        N/A       14%         2
 Mephitic Cloud           Conj/Alch/Air  7%         N/A       30%         3
 Olgreb's Toxic Radiance  Alch           13%        N/A       38%         4
 Sticky Flame             Fire/Alch      7%         2d4       67%         4


Dungeon Overview and Level Annotations

Branches:
Dungeon (3/15)

Altars:


Innate Abilities, Weirdness & Mutations

You are partially covered in slimy green scales. (AC +2)
Spells you cast may paralyse adjacent enemies.


Message History

The helpless orc fails to defend itself.
You hit the orc.
You kill the orc!
The orc priest hits you with a +0 club.
You hit the orc priest.
The orc priest is moderately wounded.
The orc priest barely misses you.
You hit the orc priest.
The orc priest is heavily wounded.
The orc priest looks satisfied for a moment.
You closely miss the orc priest.
The orc priest is severely wounded.
The orc priest casts a cantrip, but nothing happens.
You closely miss the orc priest.
The orc priest is severely wounded.
The orc priest looks more healthy.
The orc priest misses you.
You barely miss the orc priest.
The orc priest is severely wounded.
The orc priest hits you with a +0 club.
* * * LOW HITPOINT WARNING * * *
You hit the orc priest.
The orc priest is severely wounded.
The orc priest hits you with a +0 club.
* * * LOW HITPOINT WARNING * * *
Casting: Sting (safe; 7% risk of failure)
Confirm with . or Enter, or press ? or * to list all spells.
Aiming: Sting (safe; 7% risk of failure)
Press: ? - help, Shift-Dir - straight line, f/p - orc priest
Aim: an orc priest, wielding a +0 club (severely wounded, 68% to hit)
The sting misses the orc priest.
Malevolent energies surge around you. The orc priest hits you with a +0 club.
* * * LOW HITPOINT WARNING * * *
You closely miss the orc priest.
The orc priest is severely wounded.
The orc priest misses you.
You hit the orc priest.
The orc priest is almost dead.
The orc priest calls down the wrath of Beogh upon you.
Pain shoots through your body!
You die...

#.# ##.#####.##..#
###.#########............#
#....................##.##
#.#.###...####.########.#######
#.#..(.>.#.# #.# #....)...
#.#####.#.## #.# ######### #g#
##.## #.# # .S. # #.# ## #.#
#@# #. #.# .......)o....# #.
#.# ##########.#.# #. # ## #


You could see an orc priest.

Vanquished Creatures
  An orc priest (D:3)
  2 adders (D:2)
  A dart slug (D:2)
  3 orcs (D:3)
  3 bats
  An endoplasm (D:3)
  4 giant cockroaches
  2 goblins (D:1)
  4 hobgoblins
  3 jackals (D:1)
  4 ball pythons
  5 frilled lizards
  7 kobolds
  3 rats (D:1)
43 creatures vanquished.

Notes
Turn   | Place    | Note
-------+----------+-------------------------------------------
     0 | D:1      | CaptainMV the Demonspawn Alchemist began the quest for the
                  | Orb.
     0 | D:1      | Reached XP level 1. HP: 13/13 MP: 3/3
   242 | D:1      | Gained mutation: You are partially covered in slimy green
                  | scales. (AC +2) [demonic ancestry]
   242 | D:1      | Reached XP level 2. HP: 13/19 MP: 3/5
   730 | D:2      | Gained mutation: Spells you cast may paralyse adjacent
                  | enemies. [demonic ancestry]
   730 | D:2      | Reached XP level 3. HP: 19/24 MP: 0/6
  1356 | D:3      | Reached XP level 4. HP: 29/30 MP: 0/7
  1374 | D:3      | Killed from afar by an orc priest

Illustrated notes

Levels and vault maps discovered:
D:1:      dpeg_arrival_lava_temple_mockup, layout_loops_corners
D:2:      layout_loops_ring
D:3:      layout_loops_ring, gammafunk_temple_overflow_wave,
          kennysheep_generic_room_7, uniq_grinder

Skill      XL: |  1  2 |
---------------+-------+-----
Dodging        | 2 |  2.2
Stealth        | 2 |  2.6
Fighting       | |  0.1
Short Blades   | |  0.3
Spellcasting   | |  2.5
Conjurations   | |  1.2
Alchemy        | |  3.9

Action                     |  1- 3 |  4- 6 || total
---------------------------+-------+-------++-------
  Melee: Short sword       |    44 |       ||    44
         Punch             |     1 |       ||     1
         Dagger            |    12 |    17 ||    29
   Cast: Sting             |    47 |     2 ||    49
    Use: Scroll            |     6 |       ||     6
         Potion            |     1 |       ||     1
   Stab: Sleeping          |     5 |       ||     5
         Paralysed         |     2 |     2 ||     4
 Armour: Robe              |    39 |     8 ||    47
  Dodge: Dodged            |    56 |     9 ||    65
